 Dungeon Crawl Stone Soup version 0.22.0-18-ge075c0d (webtiles) character file.

126828 tev the Severer (level 16, -2/147 HPs)
             Began as a Minotaur Berserker on Aug 18, 2018.
             Was a High Priest of Trog.
             Slain by Arachne
             ... wielding an uncursed staff of poison
              (14 damage)
             ... on level 3 of the Spider Nest.
             The game lasted 01:57:06 (30139 turns).

tev the Severer (Minotaur Berserker)               Turns: 30139, Time: 01:57:06

Health: -2/147     AC:  0    Str: 30    XL:     16   Next: 44%
Magic:  15/15      EV: 17    Int:  4    God:    Trog [*****.]
Gold:   2403       SH:  0    Dex:  9    Spells: 15/15 levels left

rFire    + . .     SeeInvis .   (weapon currently unavailable)
rCold    . . .     Gourm    .   (shield currently unavailable)
rNeg     . . .     Faith    .   (armour currently unavailable)
rPois    .         Spirit   .   (helmet currently unavailable)
rElec    +         Reflect  .   (cloak currently unavailable)
rCorr    .         Harm     .   (gloves currently unavailable)
MR       ++...                  (boots currently unavailable)
Stlth    +.........             W - amulet of Dosi {Inacc rElec rF+ MR+}
HPRegen  0.34/turn              (ring currently unavailable)
MPRegen  0.14/turn              (ring currently unavailable)

@: confused, pig-form, berserk cooldown, slowed
A: small, (retaliatory headbutt)
a: Berserk, Trog's Hand, Brothers in Arms, Renounce Religion


You were on level 3 of the Spider Nest.
You worshipped Trog.
Trog was extremely pleased with you.
You were very hungry.
You were a filthy swine.
You visited 4 branches of the dungeon, and saw 26 of its levels.
You also visited: Ice Cave.

You collected 2860 gold pieces.
You spent 457 gold pieces at shops.

Inventory:

Hand Weapons
 S - a +5 broad axe of freezing (melded)
Armour
 p - a +2 pair of boots of running (melded)
 t - a +2 chain mail of magic resistance
 A - a +3 chain mail of poison resistance (melded)
 J - a +2 hat (melded)
 N - a +0 cloak (melded)
 R - a +0 pair of gloves (melded)
 T - a +1 large shield of protection (melded)
Jewellery
 a - a ring of protection from fire (melded)
 s - a ring of protection from fire (melded)
 B - an uncursed ring of protection from magic
 M - a +6 amulet of reflection {unknown}
 W - the amulet of Dosi (around neck) {Inacc rElec rF+ MR+}
   (You found it on level 6 of the Lair of Beasts)

   [amulet of inaccuracy]

   It reduces the accuracy of all your attacks.
   It protects you from fire.
   It insulates you from electricity.
   It affects your resistance to hostile enchantments.
Wands
 k - a wand of iceblast (101)
 u - a wand of acid (29)
 D - a wand of flame (93)
 F - a wand of scattershot (4)
 K - a wand of disintegration (14)
 L - a wand of enslavement (13)
 P - a wand of polymorph (20)
 Q - a wand of random effects (21)
Scrolls
 d - 9 scrolls of identify
 f - 4 scrolls of immolation
 i - 4 scrolls of magic mapping
 m - 2 scrolls of fog
 n - 10 scrolls of teleportation
 o - 4 scrolls of amnesia
 q - 12 scrolls of remove curse
 w - 6 scrolls of enchant weapon
 y - 3 scrolls of noise
 H - 3 scrolls of fear
 I - a scroll of blinking
 O - 4 scrolls of enchant armour
Potions
 b - 3 potions of flight
 e - 6 potions of lignification
 g - 2 potions of haste
 h - 5 potions of mutation
 j - 2 potions of might
 l - 4 potions of degeneration
 r - a potion of berserk rage
 v - 7 potions of curing
 x - 2 potions of ambrosia
 z - 3 potions of agility
 C - 6 potions of brilliance
 E - 3 potions of invisibility
 G - 2 potions of magic
 X - a potion of resistance
Comestibles
 c - 23 rations
 U - 5 chunks of flesh


   Skills:
 + Level 14.4 Fighting
 - Level 20.4 Axes
 + Level 13.8 Armour
 + Level 6.8 Dodging
 + Level 18.0 Shields


You had 15 spell levels left.
You didn't know any spells.
Your spell library was empty.

Dungeon Overview and Level Annotations

Branches:
Dungeon (15/15)            Temple (0/1) D:4            Lair (6/6) D:9
 Shoals (0/4) Lair:2       Spider (3/4) Lair:3        Slime (0/5) Lair:6
    Orc (2/2) D:12            Elf (0/3) Orc:2        Vaults (0/5) D:14
 Depths (0/5) D:15

Altars:
Cheibriados
Elyvilon
Fedhas
Hepliaklqana
Kikubaaqudgha
Makhleb
Okawaru
Qazlal
Ru
Sif Muna
Trog
Uskayaw
Vehumet
Yredelemnul
Zin
The Shining One
Beogh

Shops:
D:14 (   Orc:2 [(?[[

Annotations:
Spider:3 Arachne, Kirke


Innate Abilities, Weirdness & Mutations

((You reflexively headbutt those who attack you in melee.))
((You have a pair of horns on your head.))


Message History

The hog bites you.
* * * LOW HITPOINT WARNING * * *
Your deep troll barely misses Arachne.
Your deep troll claws Arachne!
Your deep troll claws Arachne.
The hog bites your cyclops. The hog closely misses you. The hog bites you!
* * * LOW HITPOINT WARNING * * *
The hog bites you.
* * * LOW HITPOINT WARNING * * *
Your cyclops hits the hog!!!
The hog dies!
Trog accepts your kill.
A redback comes into view.
Kirke barely misses you.
Your two-headed ogre misses the redback.
Your two-headed ogre closely misses the redback.
You hear an angry hiss. x2
You are confused.
You feel invigorated.
Arachne hits you with a staff of poison!
You die...

####...$.^§.......
..##..#..........#.
..........#.......#.
#.............###....
##...§.............$.
###...#...#††.s.....
#####....T.†ss.^.
##.#.HCh.#..
##...@hhs# #..^.#hh.#
#....#hsO# #.#......#
###.#...#..#
###.†.#...^.
#...)...#.<
#..###..... ####
.....


You could see Arachne, Kirke, 5 hogs, 2 tarantellas, 3 redbacks, a friendly
two-headed ogre (berserk), a friendly deep troll (berserk) and a friendly
cyclops (berserk).

Vanquished Creatures
  Gastronok (D:9)
  Agnes (Spider:3)
  An orc warlord (Orc:1)
  2 entropy weavers
  Nessos (Lair:5)
  The ghost of bosm the Basher, a journeyman FoTm of Okawaru (Orc:2)
  An ettin (D:15)
  Josephine (D:12)
  A fire dragon (Lair:6)
  The ghost of Xexuamef the Earth Mage, a journeyman DEEE of Sif Muna (Lair:4)
  8 vault guards (D:14)
  5 centaur warriors
  A death knight (D:15)
  3 hydras
  4 two-headed ogres
  8 death yaks
  2 tengu warriors
  Urug (Lair:1)
  A deep elf knight (D:15)
  3 orc high priests (Orc:2)
  An unseen horror (D:14)
  A swamp dragon (Lair:6)
  A harpy (shapeshifter) (D:15)
  A flayed ghost (D:9)
  A necromancer (IceCv)
  4 orc knights (Orc:2)
  13 orb spiders
  2 oklob plants (Lair:5)
  4 ugly things
  12 wolf spiders
  6 orc sorcerers
  2 manticores
  A moth of wrath (Spider:1)
  12 black mambas
  7 elephants
  An ice statue (IceCv)
  A guardian serpent (Lair:6)
  2 torpor snails (Spider:1)
  An eye of devastation (Lair:6)
  A gargoyle (D:10)
  5 kobold demonologists (D:13)
  10 spiny frogs
  An efreet (D:13)
  4 rime drakes
  10 freezing wraiths (IceCv)
  6 yaktaurs (D:15)
  11 komodo dragons
  3 demonic crawlers
  6 trolls
  A tengu conjurer (D:11)
  A polar bear (Lair:6)
  17 jumping spiders
  Prince Ribbit (D:6)
  12 blink frogs
  5 hornets
  7 hippogriffs
  2 meliai zombies
  A dream sheep (Lair:4)
  A vampire (D:15)
  2 shadows
  40 redbacks
  23 tarantellas
  6 wraiths
  58 yaks
  A spriggan (D:7)
  Eustachio (D:6)
  14 wyverns
  2 hungry ghosts
  6 basilisks
  2 steam dragons (Lair:6)
  2 vampire mosquitoes (D:12)
  A death yak simulacrum (IceCv)
  5 wargs
  5 acid dragons
  Duvessa (D:6)
  10 porcupines
  20 water moccasins
  20 orc warriors
  12 ice beasts
  A sky beast (D:6)
  3 phantoms
  An alligator simulacrum (IceCv)
  2 eyes of draining
  9 ogres
  13 wolves
  A boggart (shapeshifter) (D:13)
  17 crocodiles
  10 centaurs
  12 bullfrogs
  5 big kobolds
  A gnoll sergeant (Orc:2)
  Dowan (D:6)
  4 scorpions
  4 killer bees (D:8)
  5 howler monkeys
  8 wights
  An electric eel (Lair:1)
  A lava snake (D:7)
  A draconian simulacrum (IceCv)
  7 crimson imps
  2 quasits (D:10)
  5 centaur zombies
  16 orc priests
  2 hounds
  3 jellies
  17 orc wizards
  3 bullfrog skeletons (D:10)
  A gnoll shaman (D:4)
  3 centaur skeletons
  4 iguanas
  12 worker ants
  6 hell rats (Lair:6)
  A spriggan simulacrum (IceCv)
  4 troll simulacra (IceCv)
  A polar bear simulacrum (IceCv)
  A wolf simulacrum (IceCv)
  A centaur simulacrum (IceCv)
  A worker ant zombie (D:10)
  A howler monkey zombie (D:10)
  12 gnolls
  22 adders
  3 naga simulacra (IceCv)
  3 ogre simulacra (IceCv)
  4 shadow imps
  11 white imps (IceCv)
  An ooze (D:6)
  3 worms
  3 adder skeletons
  2 adder zombies
  A dart slug (D:1)
  12 leopard geckos
  65 orcs
  2 ball pythons (D:2)
  7 giant cockroaches
  5 goblins
  7 hobgoblins
  11 jackals
  18 kobolds
  6 quokkas
  10 bats
  11 frilled lizards
  A quokka skeleton (D:4)
  7 rats
  2 butterflies (D:4)
  8 fungi
  13 plants
897 creatures vanquished.

Vanquished Creatures (collateral kills)
  An orb spider (Spider:3)
  A wolf spider (Spider:3)
  A redback (Spider:3)
  2 hogs (Spider:3)
  2 draconian simulacra (IceCv)
  3 troll simulacra (IceCv)
  2 naga simulacra (IceCv)
  A white imp (IceCv)
13 creatures vanquished.

Vanquished Creatures (others)
  A redback (Spider:1)
  An orc wizard (Orc:2)
  An orc priest (Orc:2)
  17 fungi
  38 plants
58 creatures vanquished.

Grand Total: 968 creatures vanquished

Notes
Turn   | Place    | Note
-------+----------+-------------------------------------------
     0 | D:1      | tev the Minotaur Berserker began the quest for the Orb.
     0 | D:1      | Reached XP level 1. HP: 19/19 MP: 0/0
   140 | D:1      | Reached skill level 4 in Axes
   163 | D:1      | Reached XP level 2. HP: 27/27 MP: 1/1
   404 | D:1      | Reached XP level 3. HP: 20/33 MP: 2/2
   587 | D:1      | Reached skill level 5 in Axes
  1308 | D:2      | Reached XP level 4. HP: 40/40 MP: 3/3
  1318 | D:2      | Found a faded altar of an unknown god.
  1379 | D:2      | Reached ** piety under Trog
  2168 | D:2      | Reached skill level 6 in Axes
  2319 | D:2      | Reached XP level 5. HP: 45/46 MP: 4/4
  2751 | D:3      | Reached skill level 1 in Shields
  2987 | D:3      | Reached *** piety under Trog
  3427 | D:4      | Reached XP level 6. HP: 53/53 MP: 5/5
  3659 | D:4      | Found a stormy altar of Qazlal.
  3747 | D:4      | Reached skill level 7 in Axes
  3809 | D:4      | Found a staircase to the Ecumenical Temple.
  3925 | D:4      | Found a radiant altar of Vehumet.
  3925 | D:4      | Noticed an ice beast
  3926 | D:4      | Found a blossoming altar of Fedhas.
  3933 | D:4      | Found a transporter.
  3941 | D:4      | Found a transporter.
  3948 | D:4      | Killed an ice beast
  3952 | D:4      | Reached XP level 7. HP: 60/60 MP: 6/6
  4079 | D:4      | Reached skill level 8 in Axes
  4425 | D:5      | Entered Level 5 of the Dungeon
  4784 | D:5      | Reached **** piety under Trog
  5283 | D:6      | Noticed Eustachio
  5291 | D:6      | Killed Eustachio
  5291 | D:6      | Reached skill level 9 in Axes
  5291 | D:6      | Reached XP level 8. HP: 67/67 MP: 2/7
  5297 | D:6      | Noticed Duvessa
  5303 | D:6      | Noticed Dowan
  5315 | D:6      | Killed Duvessa
  5315 | D:6      | Reached skill level 5 in Fighting
  5315 | D:6      | Reached skill level 5 in Shields
  5319 | D:6      | Reached skill level 5 in Armour
  5336 | D:6      | Killed Dowan
  5943 | D:6      | Found a bloodstained altar of Trog.
  6006 | D:6      | Noticed Prince Ribbit
  6027 | D:6      | Killed Prince Ribbit
  6027 | D:6      | Reached skill level 10 in Axes
  6207 | D:6      | Found a burning altar of Makhleb.
  6348 | D:6      | Found a deep blue altar of Sif Muna.
  6409 | D:7      | Found an iron altar of Okawaru.
  6569 | D:7      | Reached XP level 9. HP: 68/74 MP: 6/8
  6659 | D:7      | Found a glowing silver altar of Zin.
  6659 | D:7      | Found a glowing golden altar of the Shining One.
  6660 | D:7      | Found a white marble altar of Elyvilon.
  6899 | D:8      | Found an iron altar of Okawaru.
  6902 | D:8      | Reached skill level 11 in Axes
  7083 | D:8      | Reached ***** piety under Trog
  7320 | D:8      | Reached skill level 12 in Axes
  7376 | D:8      | Found a snail-covered altar of Cheibriados.
  7633 | D:8      | Found a hazy altar of Hepliaklqana.
  7671 | D:9      | Found an ancient bone altar of Kikubaaqudgha.
  7671 | D:9      | Found a basalt altar of Yredelemnul.
  7671 | D:9      | Found a transporter.
  7671 | D:9      | Noticed a flayed ghost
  7721 | D:9      | Found a transporter.
  7823 | D:9      | Noticed Gastronok
  7836 | D:9      | Killed Gastronok
  7836 | D:9      | Reached skill level 13 in Axes
  7836 | D:9      | Reached XP level 10. HP: 84/84 MP: 6/9
  7911 | D:9      | Received a gift from Trog
  8208 | D:9      | Found a staircase to the Lair.
  8228 | D:9      | Noticed a hand axe
  8228 | D:9      | Noticed a hand axe
  8229 | D:9      | Found a hide-covered altar of Uskayaw.
  8553 | D:9      | Killed a flayed ghost
  8968 | D:10     | Entered Level 10 of the Dungeon
  9122 | D:10     | Reached skill level 14 in Axes
  9261 | D:10     | Found a sacrificial altar of Ru.
  9277 | D:10     | Noticed a gargoyle
  9295 | D:10     | Killed a gargoyle
  9906 | D:11     | Reached XP level 11. HP: 92/92 MP: 10/10
 10140 | D:11     | Noticed a tengu warrior
 10152 | D:11     | Killed a tengu warrior
 10152 | D:11     | Reached skill level 10 in Shields
 10182 | D:11     | Found a frozen archway.
 10260 | IceCv    | Entered an ice cave
 10267 | IceCv    | HP: 5/141 [alligator simulacrum (14)]
 10641 | IceCv    | Reached skill level 15 in Axes
 11350 | IceCv    | Found an ancient bone altar of Kikubaaqudgha.
 11700 | IceCv    | Reached skill level 5 in Dodging
 11951 | IceCv    | Noticed a necromancer
 11967 | IceCv    | Killed a necromancer
 12516 | D:12     | Reached XP level 12. HP: 93/103 MP: 9/11
 12567 | D:12     | Noticed a centaur warrior
 12578 | D:12     | Killed a centaur warrior
 12851 | D:12     | Noticed Josephine
 12873 | D:12     | Killed Josephine
 13166 | D:12     | Received a gift from Trog
 13466 | D:12     | Found a staircase to the Orcish Mines.
 13924 | D:13     | Reached skill level 10 in Armour
 14132 | D:13     | Noticed a two-headed ogre
 14146 | D:13     | Killed a two-headed ogre
 14146 | D:13     | Reached skill level 16 in Axes
 14564 | D:14     | Reached skill level 17 in Axes
 14763 | D:14     | Noticed a vault guard
 14774 | D:14     | Killed a vault guard
 14829 | D:14     | Noticed a vault guard
 14830 | D:14     | Noticed a vault guard
 14832 | D:14     | Found a gate to the Vaults.
 14840 | D:14     | Noticed a vault guard
 14844 | D:14     | Noticed a vault guard
 14846 | D:14     | Killed a vault guard
 14852 | D:14     | Killed a vault guard
 14852 | D:14     | Reached XP level 13. HP: 80/112 MP: 2/12
 15060 | D:14     | Reached skill level 10 in Fighting
 15060 | D:14     | Reached skill level 18 in Axes
 15411 | D:14     | Found Vennetou's Weapon Shoppe.
 15810 | D:15     | Entered Level 15 of the Dungeon
 15844 | D:15     | Received a gift from Trog
 16113 | D:15     | Noticed an ettin
 16125 | D:15     | Killed an ettin
 16625 | D:15     | Found a staircase to the Depths.
 17022 | D:15     | Found a glowing golden altar of the Shining One.
 17509 | Lair:1   | Entered Level 1 of the Lair of Beasts
 17565 | Lair:1   | Reached XP level 14. HP: 85/122 MP: 9/13
 17912 | Lair:1   | Noticed Urug
 17921 | Lair:1   | Killed Urug
 18764 | Lair:2   | Found a staircase to the Shoals.
 19022 | Lair:2   | Reached skill level 19 in Axes
 19438 | Lair:3   | Received a gift from Trog
 19472 | Lair:3   | Found a hole to the Spider Nest.
 20424 | Lair:4   | Found a transporter.
 20426 | Lair:4   | Noticed Xexuamef's ghost (journeyman DEEE)
 20432 | Lair:4   | Found a transporter.
 20544 | Lair:4   | Killed Xexuamef's ghost
 21565 | Lair:5   | Noticed Nessos
 21584 | Lair:5   | Killed Nessos
 21938 | Lair:5   | Reached skill level 20 in Axes
 23181 | Lair:6   | Entered Level 6 of the Lair of Beasts
 23286 | Lair:6   | Reached skill level 15 in Shields
 23294 | Lair:6   | Reached XP level 15. HP: 69/132 MP: 10/14
 23415 | Lair:6   | Reached ****** piety under Trog
 23444 | Lair:6   | Received a gift from Trog
 23712 | Lair:6   | Got a coiled brass amulet
 23714 | Lair:6   | Identified the amulet of Dosi {Inacc rElec rF+ MR+} (You found it on level 6 of the Lair of Beasts)
 24627 | Lair:6   | Found a staircase to the Slime Pits.
 24910 | Lair:6   | Found the +8 glaive of the Guard {elec, +Rage AC+5 SInv}
 24918 | Lair:6   | Received a gift from Trog
 25309 | Orc:1    | Entered Level 1 of the Orcish Mines
 25309 | Orc:1    | Noticed an orc warlord
 25325 | Orc:1    | Killed an orc warlord
 25458 | Orc:2    | Entered Level 2 of the Orcish Mines
 25501 | Orc:2    | Found a staircase to the Elven Halls.
 25616 | Orc:2    | Found a large runed door.
 25616 | Orc:2    | Found a large runed door.
 25618 | Orc:2    | Noticed bosm's ghost (journeyman FoTm)
 25646 | Orc:2    | Killed bosm's ghost
 25655 | Orc:2    | Got a twisted great sword
 25661 | Orc:2    | Identified the +0 great sword of the Tiger {speed, Int+5 Stlth+} (You found it on level 2 of the Orcish Mines)
 25682 | Orc:2    | Found a roughly hewn altar of Beogh.
 25754 | Orc:2    | Found Famoseigu's Armour Shoppe.
 26108 | Orc:2    | Found Jesuut's Antique Armour Shop.
 26138 | Orc:2    | Received a gift from Trog
 26502 | Orc:2    | Found Mier's Magic Scroll Emporium.
 26506 | Orc:2    | Bought a pair of embroidered boots for 150 gold pieces
 26508 | Orc:2    | Bought a scroll of magic mapping for 42 gold pieces
 26508 | Orc:2    | Bought a scroll of enchant armour for 90 gold pieces
 26508 | Orc:2    | Found Jugoeb's Antique Armour Emporium.
 26510 | Orc:2    | Found Juinloin's Antique Weapon Shop.
 27173 | Spider:1 | Entered Level 1 of the Spider Nest
 27637 | Orc:2    | Identified a +2 pair of boots of running (You bought it in a shop on level 2 of the Orcish Mines)
 27638 | Orc:2    | Bought a +1 chain mail of poison resistance for 175 gold pieces
 28167 | Spider:1 | Found the +9 staff of Olgreb {rPois}
 28254 | Spider:1 | Reached XP level 16. HP: 128/144 MP: 15/15
 28960 | Spider:2 | Received a gift from Trog
 30095 | Spider:3 | Noticed Agnes
 30112 | Spider:3 | Killed Agnes
 30122 | Spider:3 | Noticed Kirke
 30137 | Spider:3 | Noticed Arachne
 30138 | Spider:3 | HP: 7/147 [hog[Kirke] (3)]
 30139 | Spider:3 | Slain by Arachne

Skill      XL: |  1  2  3  4  5  6  7  8  9 10 11 12 13 14 15 16 |
---------------+-------------------------------------------------+-----
Axes           | 4 5 6 7 9 10 13 14 15 17 18 20 | 20.4
Fighting       | 4 5 6 7 8 9 10 11 13 14 | 14.4
Armour         | 3 4 5 6 7 9 10 11 12 13 | 13.8
Shields        | 2 3 4 6 8 9 11 12 13 15 17 18 | 18.0
Dodging        | 3 4 5 6 |  6.8

Action                   |  1- 3 |  4- 6 |  7- 9 | 10-12 | 13-15 | 16-18 || total
-------------------------+-------+-------+-------+-------+-------+-------++-------
Melee: Hand axe          |    67 |   262 |   426 |   484 |       |       ||  1239
       Headbutt          |     3 |    33 |    85 |   140 |   194 |    31 ||   486
       War axe           |       |       |       |    21 |       |       ||    21
       Broad axe         |       |       |       |   180 |  1157 |   201 ||  1538
Invok: Berserk           |     2 |     4 |     5 |    16 |    10 |     2 ||    39
       Trog's Hand       |       |       |     1 |     1 |     2 |       ||     4
       Brothers in Arms  |       |       |       |     3 |       |     3 ||     6
  Use: Potion            |       |       |     1 |     3 |     6 |     2 ||    12
       Scroll            |       |       |       |     1 |    20 |    12 ||    33
 Stab: Sleeping          |     1 |       |       |       |       |       ||     1
       Distracted        |       |       |       |       |     1 |       ||     1
  Eat: Chunk             |     1 |    10 |    11 |    16 |    26 |     1 ||    65
       Ration            |     1 |       |     2 |     8 |     8 |     2 ||    21
Armor: Animal skin       |    12 |       |       |       |       |       ||    12
       Chain mail        |     2 |   120 |   116 |   150 |   295 |    73 ||   756
       Skin              |       |       |    20 |       |       |       ||    20
Dodge: Dodged            |    49 |    25 |    42 |    84 |   181 |    61 ||   442
Block: Large shield      |     1 |   182 |   232 |   446 |  1042 |   210 ||  2113
